 Dungeon Crawl Stone Soup version 0.32-a0-898-g7811c86cf0 (webtiles) character file.

Game seed: 6085879741099837469

1 Ajdolov the Magician (level 1, -2/13 HPs)
             Began as a Mummy Alchemist on Apr 4, 2024.
             Slain by a quokka (3 damage)
             ... on level 1 of the Dungeon.
             The game lasted 00:00:35 (116 turns).

Ajdolov the Magician (Mummy Alchemist)               Turns: 116, Time: 00:00:35

Health: -2/13      AC:  2    Str: 11    XL:     1   Next: 16%
Magic:  1/4        EV:  1    Int: 14    God:
Gold:   0          SH:  0    Dex: 12    Spells: 4/5 levels left

rFire   x . .        (no weapon)
rCold   + . .        (no shield)
rNeg    + + +        a - +0 robe
rPois   ∞            (no helmet)
rElec   .            (no cloak)
rCorr   .            (no gloves)
SInv    .            (no boots)
Will    .....        (no amulet)
Stlth   ++           (no ring)
HPRegen 0.22/turn    (no ring)
MPRegen 0.09/turn

%: faith
@: constricted
A: cold resistance 1, negative energy resistance 3, torment resistance 2, heat
vulnerability 1, in touch with death 1, no potions, faith
a: no special abilities


You were on level 1 of the Dungeon.
You visited 1 branch of the dungeon, and saw 1 of its levels.

Inventory:

Armour
 a - a +0 robe (worn)


   Skills:
 - Level 1.5 Dodging
 - Level 1.5 Stealth
 + Level 2.7 Spellcasting
 - Level 0.7 Conjurations
 + Level 2.4 Alchemy


You had 4 spell levels left.
You knew the following spells:

 Your Spells              Type           Power      Damage    Failure   Level
a - Sting                 Conj/Alch      24%        1d4       12%         1

Your spell library contained the following spells:

 Spells                   Type           Power      Damage    Failure   Level
 Mercury Vapours          Alch/Air       10%        N/A       21%         2
 Mephitic Cloud           Conj/Alch/Air  4%         N/A       38%         3
 Olgreb's Toxic Radiance  Alch           8%         N/A       63%         4
 Sticky Flame             Fire/Alch      5%         2d4       78%         4


Dungeon Overview and Level Annotations

Branches:
Dungeon (1/15)

Altars:


Innate Abilities, Weirdness & Mutations

You are immune to poison.
Your flesh is cold resistant. (rC+)
You are immune to negative energy. (rN+++)
You are immune to unholy pain and torment.
You are vulnerable to heat. (rF-)
You are in touch with the powers of death.
You do not drink.
You have a special connection with the divine. (Faith)


Message History

No target in view!
No target in view!
A bat comes into view.
The bat barely misses you.
The sting misses the bat.
The bat barely misses you.
The sting hits the bat.
The bat is poisoned.
You kill the bat!
You can't see any susceptible monsters within range! (Use Z to cast anyway.)
You can't see any susceptible monsters within range! (Use Z to cast anyway.)
A gnoll comes into view. It is wielding a +0 spear.
The gnoll shouts!
You can't see any susceptible monsters within range! (Use Z to cast anyway.)
The sting hits the gnoll.
The gnoll is poisoned.
The gnoll is lightly wounded.
A ball python comes into view.
You see here a +0 robe.
The sting hits the gnoll but does no damage.
The gnoll looks even sicker.
The gnoll is moderately wounded.
The sting misses the gnoll.
The gnoll closely misses you.
The sting hits the gnoll.
The gnoll looks even sicker.
The gnoll is moderately wounded.
The gnoll closely misses you.
A quokka comes into view.
Found a scroll labelled VOEXYA WASUYCO.
The ball python hisses angrily.
The gnoll attacks as it pursues you! The gnoll closely misses you.
The quokka barely misses you. The ball python closely misses you. x2
The quokka bites you. The quokka attacks as it pursues you!
The quokka closely misses you.
You open the door. The ball python bites you. The ball python grabs you.
The ball python constricts you. The quokka bites you.
The gnoll hits you from afar with a +0 spear.
* * * LOW HITPOINT WARNING * * *
The ball python bites you but does no damage.
The ball python constricts you.
* * * LOW HITPOINT WARNING * * *
The ball python's grasp on you weakens, but your attempt to escape fails.
The quokka bites you.
You die...

.# ##+###.# #
#...##.# .#
#?..##.##.#
#...##....#
#.........#..
#...S........
#..@rg.#
##'###.# #.#
#.# #### #.#
#[# #... #.#
#.# ###
#.#... #.#
#.# #..
..#... #.#
#.# #.#
#.#..#
#.###.# #.#
#.#...
#..##.## #.#
#.#...


You could see a gnoll (poisoned), a quokka and a ball python.

Vanquished Creatures
  A bat (D:1)
  A rat (D:1)
2 creatures vanquished.

Notes
Turn   | Place    | Note
-------+----------+-------------------------------------------
     0 | D:1      | Ajdolov the Mummy Alchemist began the quest for the Orb.
     0 | D:1      | Reached XP level 1. HP: 13/13 MP: 4/4
   116 | D:1      | Slain by a quokka

Illustrated notes

Levels and vault maps discovered:
D:1:      shiori_arrival_oz, layout_basic

Action                     || total
---------------------------++-------
   Cast: Sting             ||     7
 Armour: Robe              ||     8
  Dodge: Dodged            ||     9

Table legend: (Time is in decaauts)
 A = Elapsed time spent in this place.
 B = Non-inter-level travel time spent in this place.
 C = Inter-level travel time spent in this place.
 D = Time resting spent in this place.
 E = Time spent auto-exploring this place.
 F = Levels seen in this place.
 G = Mean time per level.
                   A        B        C        D        E       F      G
               +--------+--------+--------+--------+--------+-----+--------+
         Total |    116 |    116 |      0 |      0 |     73 |   1 |  116.0 |
       Dungeon |    116 |    116 |      0 |      0 |     73 |   1 |  116.0 |
               +--------+--------+--------+--------+--------+-----+--------+

Top non-repeatable levels by time:
     D:1: 116 daAuts
